 Dungeon Crawl Stone Soup version 0.19.5 (webtiles) character file.

137 equalderp2856 the Ducker (level 5, -2/27 HPs)
             Began as a Spriggan Fighter on Mar 5, 2017.
             Killed by nerve-wracking pain
             ... invoked by an orc priest
              (6 damage)
             ... on level 3 of the Dungeon.
             The game lasted 00:05:46 (2327 turns).

equalderp2856 the Ducker (Spriggan Fighter)         Turns: 2327, Time: 00:05:47

Health: -2/27      AC:  2    Str: 13    XL:     5   Next: 0%
Magic:  6/6        EV: 21    Int:  9    God:
Gold:   127        SH:  6    Dex: 16    Spells: 0 memorised, 4 levels left

rFire  . . .     SeeInvis +     a - +0 rapier
rCold  . . .     Gourm    .     b - +0 robe
rNeg   . . .     Faith    .     c - +0 buckler
rPois  .         Spirit   .     (helmet restricted)
rElec  .         Reflect  .     (no cloak)
rCorr  .         Harm     .     (gloves unavailable)
MR     .....                    (boots unavailable)
Stlth  ++........               (no amulet)
                                (no ring)
                                (no ring)

@: very quick
A: unfitting armour, see invisible, herbivore 3, speed 3, slow metabolism 2
a: no special abilities


You were on level 3 of the Dungeon.
You were not hungry.

You visited 1 branch of the dungeon, and saw 3 of its levels.

You collected 127 gold pieces.

Inventory:

Hand Weapons
 a - a +0 rapier (weapon)
 j - a +0 dagger of holy wrath
Missiles
 i - 110 arrows
Armour
 b - a +0 robe (worn)
 c - a +0 buckler (worn)
Jewellery
 r - an uncursed amulet of magic regeneration {unknown}
 t - a +3 ring of dexterity {unknown}
Scrolls
 e - a scroll of random uselessness {unknown}
 g - 3 scrolls of identify {unknown}
 k - 5 scrolls of remove curse {unknown}
 p - 2 scrolls of recharging {unknown}
 q - 4 scrolls of amnesia {unknown}
 s - a scroll of immolation {unknown}
 u - 2 scrolls of enchant armour {unknown}
Potions
 d - a potion of might
 h - a potion of cancellation {unknown}
 l - a potion of invisibility {unknown}
 m - 2 potions of heal wounds {unknown}
 n - a potion of lignification {unknown}
 o - 2 potions of curing {unknown}
Comestibles
 f - a bread ration


   Skills:
 + Level 2.7 Fighting
 + Level 3.3 Short Blades
 + Level 6.0 Dodging
 + Level 1.6 Stealth
 + Level 2.7 Shields


You had 4 spell levels left.
You didn't know any spells.

Dungeon Overview and Level Annotations

Branches:
Dungeon (3/15)

Altars:
Gozag
Kikubaaqudgha
Okawaru
Sif Muna
Yredelemnul


Innate Abilities, Weirdness & Mutations

You are very small and have problems with some larger weapons.
You are too small for most types of armour.
You have supernaturally acute eyesight. (SInv)
You are a herbivore.
You cover ground extremely quickly.
You need consume almost no food.


Message History

You have reached level 5!
You feel agile. The kobold closely misses you.
The kobold throws a stone.
The stone completely misses you.
There is an opulent altar of Gozag here.
You see here a stone.
You see here a rat corpse.
There is an escape hatch in the ceiling here.
You see here 31 stones.
The orc priest begins to cast a cantrip, but forgets the words!
The orc priest begins to cast a cantrip, but forgets the words!
The orc priest calls down the wrath of Beogh upon you.
Beogh smites you!
* * * LOW HITPOINT WARNING * * *
The orc priest barely misses you.
You hit the orc priest.
The orc priest is moderately wounded.
The orc priest mumbles some strange prayers to Beogh against you.
Pain shoots through your body!
You die...

#.#
###.....#######.........#..
#.# ##.#.## #...........#.#
#.# #.#.# #.######.##.#..
#.# #.#.# #.# #.#..###
#)########.#.# #.# #....#..
.............#
##.######....###
############.#
#..............o
#.#####<.####.<...†...
#....@o...(..........>
########.######....... #.#
##....(# #.. ......## ####
########


You could see an orc priest.

Vanquished Creatures
  An orc wizard (D:3)
  6 adders
  3 dart slugs
  A leopard gecko (D:2)
  5 orcs (D:3)
  2 giant cockroaches (D:1)
  A hobgoblin (D:3)
  A quokka (D:2)
  A ball python (D:1)
  8 bats
  3 frilled lizards
  4 goblins
  7 kobolds
  4 rats
47 creatures vanquished.

Notes
Turn   | Place    | Note
-------+----------+-------------------------------------------
     0 | D:1      | equalderp2856 the Spriggan Fighter began the quest for the Orb.
     0 | D:1      | Reached XP level 1. HP: 11/11 MP: 2/2
   190 | D:1      | Found an ancient bone altar of Kikubaaqudgha.
   287 | D:1      | Reached XP level 2. HP: 9/16 MP: 3/3
   726 | D:1      | Reached skill level 5 in Dodging
   882 | D:2      | Reached XP level 3. HP: 17/19 MP: 4/4
   978 | D:2      | Found an iron altar of Okawaru.
  1320 | D:2      | Reached skill level 1 in Stealth
  1455 | D:2      | Found an opulent altar of Gozag.
  1577 | D:3      | Reached XP level 4. HP: 23/23 MP: 5/5
  1623 | D:3      | Found a deep blue altar of Sif Muna.
  2233 | D:3      | Found an opulent altar of Gozag.
  2244 | D:3      | Reached skill level 6 in Dodging
  2266 | D:3      | Found a basalt altar of Yredelemnul.
  2285 | D:3      | Reached XP level 5. HP: 14/27 MP: 6/6
  2327 | D:3      | Killed from afar by an orc priest

Skill      XL: |  1  2  3  4 |
---------------+-------------+-----
Dodging        | 5 6 |  6.0
Stealth        | 1 |  1.6
Short Blades   | 3 |  3.3
Fighting       | |  2.7
Shields        | |  2.7

Action                   |  1- 3 |  4- 6 || total
-------------------------+-------+-------++-------
Melee: Rapier            |   132 |    44 ||   176
 Stab: Sleeping          |     3 |     2 ||     5
Armor: Robe              |    31 |     7 ||    38
Dodge: Dodged            |   144 |    27 ||   171
Block: Buckler           |    66 |    16 ||    82
